 Dungeon Crawl Stone Soup version 0.20-a0-823-gdec668e (webtiles) character file.

80 M4edhros the Sneak (level 4, -11/28 HPs)
             Began as an Octopode Artificer on Mar 5, 2017.
             Mangled by a two-headed ogre
             ... wielding a +0 giant club
              (21 damage)
             ... on level 4 of the Dungeon.
             The game lasted 00:01:18 (939 turns).

M4edhros the Sneak (Octopode Artificer)              Turns: 939, Time: 00:01:18

Health: -11/28     AC:  1    Str: 11    XL:     4   Next: 39%
Magic:  6/6        EV: 13    Int: 13    God:
Gold:   76         SH:  0    Dex: 13    Spells: 3/3 levels left

rFire    . . .     SeeInvis .   a - +0 short sword
rCold    . . .     Gourm    .   (no shield)
rNeg     . . .     Faith    .   (helmet restricted)
rPois    .         Spirit   .   (no amulet)
rElec    .         Reflect  .   (no ring)
rCorr    .         Harm     .   (no ring)
MR       .....                  (no ring)
Stlth    ++++......             (no ring)
Regen    0.1/turn               (no ring)
MPRegen  0.1/turn               (no ring)
                                (no ring)
                                (no ring)

@: no status effects
A: almost no armour, stealthy swim, amphibious, 8 rings, constrict 8, camouflage
1, gelatinous body 1
a: no special abilities


You were on level 4 of the Dungeon.
You were not hungry.

You visited 1 branch of the dungeon, and saw 4 of its levels.

You collected 76 gold pieces.

Inventory:

Hand Weapons
 a - a +0 short sword (weapon)
Wands
 b - a wand of flame (15/48)
 c - a wand of enslavement (13/24)
 d - a wand of random effects (6/48)
Potions
 e - a potion of cancellation {unknown}
 g - 2 potions of invisibility {unknown}
 i - 2 potions of curing {unknown}
Comestibles
 f - 3 bread rations
 h - 2 fruits
 j - a royal jelly
 k - a meat ration


   Skills:
 - Level 1.0 Fighting
 - Level 1.0 Short Blades
 - Level 2.0 Dodging
 + Level 5.9 Stealth
 - Level 3.2 Evocations


You had 3 spell levels left.
You didn't know any spells.

Dungeon Overview and Level Annotations

Branches:
Dungeon (4/15)
 Temple: D:4-7

Altars:
Nemelex Xobeh


Innate Abilities, Weirdness & Mutations

You cannot wear most types of armour.
You are very stealthy in the water. (Stealth+)
You are amphibious.
You can wear up to eight rings at the same time.
You can use your tentacles to constrict eight enemies at once.
Your skin changes colour to match your surroundings (Stealth+).
Your rubbery body absorbs attacks. (AC +1, EV +1)


Message History

Aim: a two-headed ogre, wielding two giant clubs (moderately wounded)
The puff of frost hits the two-headed ogre.
The two-headed ogre is heavily wounded.
This wand has 8 charges left.
Evoke which item? (* to show all) (? for menu, Esc to quit)
Aiming: Random Effects
Press: ? - help, Shift-Dir - straight line, f/p - two-headed ogre
Aim: a two-headed ogre, wielding two giant clubs (heavily wounded)
The two-headed ogre seems to slow down.
This wand has 7 charges left.
Evoke which item? (* to show all) (? for menu, Esc to quit)
Aiming: Random Effects
Press: ? - help, Shift-Dir - straight line, f/p - two-headed ogre
Aim: a two-headed ogre, wielding two giant clubs (heavily wounded, slow)
The two-headed ogre resists with some effort.
This wand has 6 charges left.
The two-headed ogre hits you with a giant club!!
Ouch! That really hurt!
The two-headed ogre hits you with a giant club!!
Ouch! That really hurt!
You die...

#.#....## #.# ........#
#.# ........# #.#
#........# #.#
#......... #.#
........# #.#
........## #.#
.....†.O.#### #.##
.....)..@)).## #..#
........###..# ##.#
############.# #.#
##...# #.# #######..###
###.### #.......##
#.....# #.......#
#.....# #.......#
#.....#
#.......#########.....#


You could see a two-headed ogre.

Vanquished Creatures
  A gnoll (D:4)
  An adder (D:4)
  7 orcs (D:4)
  3 bats (D:2)
  A giant cockroach (D:3)
  3 hobgoblins
  5 jackals (D:4)
  2 kobolds
  6 rats
29 creatures vanquished.

Vanquished Creatures (collateral kills)
  3 gnolls (D:4)
  3 orcs (D:4)
  A giant cockroach (D:4)
7 creatures vanquished.

Grand Total: 36 creatures vanquished

Notes
Turn   | Place    | Note
-------+----------+-------------------------------------------
     0 | D:1      | M4edhros the Octopode Artificer began the quest for the Orb.
     0 | D:1      | Reached XP level 1. HP: 13/13 MP: 3/3
    68 | D:1      | Reached skill level 2 in Stealth
   121 | D:2      | Found a sparkling altar of Nemelex Xobeh.
   215 | D:2      | Reached skill level 3 in Stealth
   215 | D:2      | Reached XP level 2. HP: 18/18 MP: 4/4
   330 | D:4      | Reached skill level 4 in Stealth
   352 | D:4      | Reached XP level 3. HP: 16/23 MP: 5/5
   898 | D:4      | Noticed a two-headed ogre
   900 | D:4      | Reached skill level 5 in Stealth
   902 | D:4      | Reached XP level 4. HP: 28/28 MP: 6/6
   939 | D:4      | Mangled by a two-headed ogre

Vault maps used:
D:1:      shiori_arrival_elements, lemuel_flame_loot_1
D:2:      old_standard_altar, tso_altar, serial_forest,
          infiniplex_forest_side_room, infiniplex_forest_clump_double,
          infiniplex_forest_diagonal, infiniplex_forest_zigzag_1,
          infiniplex_forest_lined_ring, columned_hall_lemuel
D:3:      kennysheep_pointless_box, uniq_terence
D:4:      first_bread

Skill      XL: |  1  2  3 |
---------------+----------+-----
Stealth        | 3 4 5 |  5.9
Fighting       | |  1.0
Short Blades   | |  1.0
Dodging        | |  2.0
Evocations     | |  3.2

Action                   |  1- 3 |  4- 6 || total
-------------------------+-------+-------++-------
Melee: Short sword       |    41 |       ||    41
       Tentacles         |    11 |       ||    11
       Constrict         |    11 |       ||    11
Evoke: Wand              |     3 |     8 ||    11
 Stab: Sleeping          |     9 |       ||     9
Armor: Skin              |     1 |       ||     1
Dodge: Dodged            |    22 |     1 ||    23
